 Dungeon Crawl Stone Soup version 0.28-b1-70-g80dc712255 (webtiles) character file.

Game seed: 675814415283849418

9 cbfl8 the Sneak (level 2, -7/27 HPs)
             Began as a Minotaur Delver on Feb 3, 2022.
             Splashed by a jelly's acid (11 damage)
             ... on level 6 of the Dungeon.
             The game lasted 00:02:15 (273 turns).

cbfl8 the Sneak (Minotaur Delver)                    Turns: 273, Time: 00:02:16

Health: -7/27      AC: -1    Str: 16    XL:     2   Next: 3%
Magic:  1/1        EV: 11    Int:  7    God:
Gold:   23         SH:  0    Dex: 11    Spells: 1/1 levels left

rFire   + . .      SeeInvis .   a - +0 hand axe
rCold   x . .      Faith    .   (no shield)
rNeg    . . .      Spirit   .   b - +0 leather armour
rPois   .          Reflect  .   (helmet restricted)
rElec   .          Harm     .   (no cloak)
rCorr   .          Rampage  .   (no gloves)
Will    .....                   (no boots)
Stlth   ++........              (no amulet)
HPRegen 0.09/turn               d - ring of fire
MPRegen 0.07/turn               (no ring)

@: corroded
A: horns 2, retaliatory headbutt
a: no special abilities


You were on level 6 of the Dungeon.
You visited 1 branch of the dungeon, and saw 2 of its levels.

You collected 23 gold pieces.

Inventory:

Hand Weapons
 a - a +0 hand axe (weapon)
Missiles
 h - 4 poisoned darts (quivered)
Armour
 b - a +0 leather armour (worn)
Jewellery
 d - a ring of fire (left hand)
Wands
 e - a wand of acid (8)
 g - a wand of digging (2)
Scrolls
 c - 2 scrolls of fog


   Skills:
 + Level 3.7 Fighting
 + Level 2.4 Axes
 + Level 2.2 Dodging
 + Level 4.4 Stealth


You had one spell level left.
You didn't know any spells.
Your spell library was empty.

Dungeon Overview and Level Annotations

Branches:
Dungeon (6/15)             Temple (0/1) D:6

Altars:
Trog

Annotations:
D:6 Grinder


Innate Abilities, Weirdness & Mutations

You have a pair of horns on your head.
You reflexively headbutt those who attack you in melee.


Message History

d - a ring of fire You feel more attuned to fire.
d - a ring of fire (left hand)
The jelly quivers.
There is a stone staircase leading down here.
There is a stone staircase leading down here.
You climb downwards.
You hear the sound of rushing water.
There is an entrance to a sewer on this level.
Hurry and find it before the portal rusts away!
Level annotation: Grinder
There is a stone staircase leading up here.
Found 10 gold pieces.
You now have 13 gold pieces.
You hear the rusting of a distant drain.
You now have 23 gold pieces (gained 10).
e - a wand of acid (8)
A black bear comes into view.
The black bear growls angrily.
Aiming: Dig
Press: ? - help, Q - select action, (/) - cycle Shift-Dir - straight line A rock wall.
The rock shatters into small pieces.
A scorpion comes into view.
A jelly comes into view.
Found a glowing pink potion.
The jelly quivers.
You hit the jelly.
Your hands burn!
Your headbutt misses the jelly.
The jelly is lightly wounded.
The jelly hits you. The acid corrodes you!
You are splashed with acid.
The jelly barely misses you. You furiously retaliate!
You headbutt the jelly! You hit the jelly.
Your hands burn!
The jelly is severely wounded.
You hit the black bear but do no damage.
The black bear barely misses you. You furiously retaliate!
You headbutt the black bear, but do no damage.
The black bear claws you.
* * * LOW HITPOINT WARNING * * *
The black bear barely misses you. The jelly hits you.
* * * LOW HITPOINT WARNING * * *
You are splashed with acid!
You die...

*******,*,*,**,,*,***,,,,**,,,**,
,,,,,,,,,,,,,,,,,,,,>,..,,,,,,,,,
,*,,,,,,#.*,**,,*,**,!..,,,,>,,,,
,*,*,**,#.#.**,,*,**....,,,,,,,,,
,,,*,**.#....*,,,,##....,**,,,**,
,*,*,*,......,,,*#......,**,,,**,
,*,*,*,##....*,**.......,,,,,,,,,
,,,,,,,......####.......,,,,,,**,
,,,,,,,........h@J......,.....##,
...#.#.#..#....##.#####.,......,,
.?....,........#,#s#,****#.#..**,
.....#*#.##....#,*#..#####.#.#**,
.....###.####..#*,*###.......# *,
.......#.......#**,**#.......# *,
#......#.#.....#***,*#......#* *,
#......#.......#,,**,#####.#####.
.....###.#...#.#,*,*,#...........


You could see a black bear, a scorpion and a jelly.

Vanquished Creatures
  An adder (D:6)
1 creature vanquished.

Notes
Turn   | Place    | Note
-------+----------+-------------------------------------------
     0 | D:5      | cbfl8 the Minotaur Delver began the quest for the Orb.
     0 | D:5      | Reached XP level 1. HP: 19/19 MP: 0/0
    12 | D:5      | Noticed a jelly
    76 | D:6      | Found a bloodstained altar of Trog.
   106 | D:6      | Noticed a jelly
   111 | D:6      | Reached XP level 2. HP: 27/27 MP: 1/1
   179 | D:6      | Noticed Grinder
   265 | D:6      | Noticed a black bear
   270 | D:6      | Noticed a scorpion
   273 | D:6      | Splashed by a jelly's acid

Illustrated notes

Levels and vault maps discovered:
D:5:      layout_loops_ring, zin_statuary, uniq_blork_the_orc
D:6:      layout_basic, marbit_many_paths, trog_hazing_becter,
          lemuel_mausoleum_altar_kikubaaqudgha,
          minmay_temple_entry_stoned_glass, portal_sewer_entry_f, uniq_grinder

Action                   || total
-------------------------++-------
Melee: Hand axe          ||     2
Evoke: Wand              ||     1
  Use: Scroll            ||     2
       Potion            ||     1
Dodge: Dodged            ||     5
